Map: Cerulean Fall LE

Players

Jjffjhjf - Winner!

  • Race: Terran Terran
  • League: Silver
  • Spawn Location: 1:00

DarkTemplar

  • Race: Protoss Protoss
  • League: Silver
  • Spawn Location: 7:00

VOD

Have the link to the VOD?

Description

Time

  • Played on: Aug. 22, 2018, 12:55 a.m.
  • Length: 16:00
Show
View Real Time Build Order
Export as new Build Order

Jjffjhjf Terran - Winner!

Build Orders:  

Get SALT Encoding   

  12  0:01  SCV  
  13  0:13  SCV  
  14  0:24  Supply Depot  
  14  0:26  SCV  
  15  0:39  Refinery  
  15  0:46  SCV  
  16  0:51  Barracks  
  16  0:58  SCV  
  17  1:10  SCV  
  18  1:15  Refinery  
  18  1:22  SCV  
  19  1:34  SCV  
  19  1:38  Supply Depot  
  20  1:46  SCV  
  21  1:59  SCV  
  21  2:00  Marine  
  23  2:10  Factory  
  23  2:18  Orbital Command, Marine  
  24  2:36  Marine  
  26  2:44  SCV  
  26  3:00  Starport, Factory Tech Lab  
  26  3:04  SCV  
  27  3:06  Marine  
  28  3:16  SCV  
  29  3:28  Supply Depot  
  29  3:44  Barracks Tech Lab  
  29  3:45  Bunker  
  29  3:48  Starport Tech Lab  
  29  3:50  Siege Tank, Supply Depot  
  32  3:57  Engineering Bay  
  32  4:07  Banshee  
  35  4:10  Cloaking Field  
  35  4:13  Supply Depot  
  35  4:22  Siege Tank  
  38  4:30  Sensor Tower  
  38  4:37  Marine  
  39  4:50  Banshee  
  42  4:55  Marine, Command Center  
  39  5:18  Marine  
  35  5:33  Banshee  
  37  5:36  Siege Tank, Marine  
  40  5:54  Marine  
  41  5:59  Liberator  
  41  6:11  Marine  
  41  6:17  Combat Shield  
  45  6:19  Command Center  
  45  6:28  Siege Tank  
  48  6:51  Missile Turret  
  48  7:11  Hyperflight Rotors  
  48  7:12  Missile Turret  
  48  7:23  Marine  
  48  7:25  Refinery  
  49  7:30  SCV  
  49  7:35  Missile Turret  
  50  7:40  SCV  
  50  7:41  Marine  
  50  7:43  SCV  
  53  7:52  SCV  
  53  7:55  SCV  
  55  7:59  Marine  
  56  8:07  SCV  
  57  8:16  Marine  
  55  8:25  Banshee  
  58  8:28  SCV  
  59  8:34  Marine  
  59  8:37  Refinery  
  59  8:40  SCV  
  61  8:52  SCV  
  62  8:57  Bunker  
  62  9:04  SCV  
  62  9:05  Fusion Core  
  62  9:08  Banshee  
  66  9:16  SCV  
  67  9:18  Armory  
  67  9:22  Marine  
  68  9:28  Bunker  
  68  9:33  Supply Depot  
  68  9:37  Liberator  
  68  9:40  Marine  
  68  9:44  Neosteel Frame  
  69  9:56  Supply Depot  
  69  9:58  Marine  
  73  10:07  Weapon Refit  
  73  10:16  SCV, Marine  
  73  10:18  Supply Depot  
  75  10:28  SCV  
  75  10:34  Marine  
  77  10:37  Battlecruiser  
  77  10:40  Supply Depot, SCV  
  77  10:42  Armory  
  84  10:53  SCV  
  84  10:55  Marine  
  86  11:03  Supply Depot, Terran Infantry Weapons Level 1  
  86  11:05  SCV  
  87  11:13  Marine  
  88  11:26  Supply Depot  
  88  11:30  Marine  
  89  11:41  Battlecruiser  
  95  11:48  Marine  
  96  12:06  Marine  
  94  12:26  SCV  
  95  12:38  SCV, Terran Ship Weapons Level 1  
  96  12:45  Thor  
  96  12:46  Factory, Battlecruiser  
  96  12:49  Marine  
  96  12:50  SCV  
  110  13:07  Terran Vehicle And Ship Armor Level 1, Marine  
  111  13:13  Ghost Academy  
  111  13:25  Supply Depot, Marine  
  112  13:28  Thor  
  112  13:30  Supply Depot  
  118  13:42  Ghost Academy  
  118  13:47  Marine  
  119  13:48  Supply Depot  
  119  13:50  Battlecruiser  
  119  13:53  Orbital Command  
  125  14:03  Factory Tech Lab  
  125  14:04  Marine  
  126  14:10  Supply Depot  
  126  14:11  Thor  
  92  15:28  SCV  
  95  15:40  SCV  
Show
View Real Time Build Order
Export as new Build Order

DarkTemplar Protoss 

Build Orders:  

Get SALT Encoding   

  12  0:01  Probe  
  13  0:13  Probe  
  14  0:19  Pylon  
  14  0:26  Probe  
  15  0:38  Probe  
  15  0:41  Gateway  
  16  0:44  Assimilator  
  16  0:50  Probe  
  17  1:02  Probe  
  18  1:08  Assimilator  
  18  1:14  Probe  
  19  1:19  Pylon  
  19  1:26  Probe  
  19  1:30  Cybernetics Core  
  20  1:38  Probe  
  21  1:47  Warp Gate  
  21  1:50  Probe  
  22  2:02  Probe  
  22  2:07  Robotics Facility  
  23  2:14  Probe  
  24  2:23  Stalker  
  25  2:31  Probe  
  26  2:46  Gateway  
  26  2:48  Pylon  
  26  2:51  Probe  
  27  2:59  Immortal  
  31  3:06  Probe  
  31  3:10  Stalker  
  34  3:25  Forge  
  34  3:26  Probe  
  35  3:37  Warp Prism  
  37  3:41  Protoss Ground Weapons Level 1  
  37  3:50  Probe  
  38  3:57  Nexus  
  38  4:02  Probe  
  39  4:13  Pylon  
  39  4:37  Twilight Council  
  39  4:40  Probe  
  39  4:43  Pylon  
  40  4:47  Stalker x2  
  40  4:52  Probe  
  39  5:11  Stalker x2  
  39  5:12  Probe x2  
  45  5:35  Probe x2  
  45  5:42  Charge  
  45  5:43  Assimilator  
  45  5:45  Assimilator  
  45  5:48  Pylon  
  41  5:51  Pylon  
  41  5:53  Observer  
  41  5:55  Protoss Ground Weapons Level 2  
  40  6:11  Observer  
  40  6:12  Photon Cannon  
  40  6:15  Photon Cannon  
  40  6:16  Probe x2  
  43  6:18  Photon Cannon  
  43  6:20  Pylon  
  43  6:28  Probe  
  43  6:31  Probe  
  45  6:53  Probe  
  45  6:54  Probe  
  47  7:00  Nexus  
  47  7:02  Pylon  
  47  7:04  Pylon  
  47  7:05  Probe, Robotics Bay  
  47  7:06  Probe  
  47  7:07  Pylon  
  47  7:08  Pylon  
  49  7:09  Assimilator  
  49  7:10  Stalker  
  49  7:11  Stalker  
  49  7:13  Assimilator  
  53  7:18  Probe x2, Pylon  
  53  7:22  Pylon  
  55  7:30  Probe x2  
  57  7:49  Photon Cannon  
  57  7:52  Colossus, Photon Cannon  
  57  7:58  Photon Cannon  
  53  8:11  Stalker  
  53  8:12  Stalker  
  57  8:17  Probe x2  
  59  8:21  Protoss Ground Weapons Level 3  
  59  8:26  Photon Cannon  
  59  8:29  Probe  
  59  8:30  Probe, Photon Cannon  
  61  8:59  Photon Cannon  
  61  9:03  Photon Cannon  
  61  9:05  Photon Cannon  
  61  9:07  Probe x2  
  61  9:09  Colossus  
  63  9:19  Probe  
  63  9:21  Blink  
  70  9:25  Stalker  
  70  9:26  Stalker  
  74  9:45  Gateway  
  74  9:47  Probe x2  
  74  9:49  Pylon  
  76  9:54  Pylon  
  76  9:58  Photon Cannon  
  76  9:59  Probe  
  77  10:02  Colossus  
  83  10:33  Probe x2, Robotics Facility  
  83  10:34  Probe  
  86  10:38  Pylon  
  86  10:41  Pylon  
  86  10:45  Probe, Pylon  
  86  10:46  Stalker x2  
  91  11:01  Gateway  
  91  11:02  Gateway  
  91  11:06  Gateway  
  91  11:17  Gateway  
  91  11:19  Observer  
  91  11:20  Gateway  
  92  11:37  Nexus  
  88  11:41  Stalker x2  
  88  11:42  Stalker  
  88  11:43  Pylon  
  88  12:07  Stalker x2  
  88  12:08  Stalker  
  91  12:25  Probe x3  
  94  12:34  Robotics Bay  
  94  12:37  Probe, Pylon  
  95  12:44  Pylon  
  95  12:47  Pylon, Protoss Ground Armor Level 1  
  95  12:49  Pylon  
  95  13:07  Twilight Council  
  95  13:10  Probe  
  95  13:11  Colossus  
  95  13:12  Probe  
  97  13:20  Colossus  
  97  13:26  Stalker x2  
  97  13:27  Stalker  
  115  13:28  Stalker x2  
  115  13:29  Stalker  
  115  13:30  Stalker x2  
  125  13:50  Probe x3  
  125  13:51  Probe  
  125  13:53  Pylon  
  129  13:58  Pylon  
  129  14:02  Probe x2  
  131  14:03  Probe, Photon Cannon  
  131  14:05  Observer, Photon Cannon  
  133  14:15  Observer  
  134  14:21  Stalker  
  134  14:22  Stalker x2  
  134  14:23  Stalker  
  142  14:24  Stalker  
  142  14:25  Stalker  
  142  14:26  Stalker x2  
  90  15:10  Stalker x2  
  90  15:11  Stalker x2  
  90  15:12  Stalker x2  
  92  15:14  Stalker  
  92  15:15  Stalker  
  96  15:46  Stalker  
  96  15:47  Stalker  
  96  15:51  Stalker  
  96  15:52  Stalker  
  96  15:53  Stalker  
Tags
 
Add a new tag
Caveats
  • Supply blocks, unpowered buildings, or Contaminate may cause inaccurate times.
  • Supply counts are checked every 10 seconds.